AoeStats
← Navix de los Bosques de Lituania

Black Forest

508127720Analyzed
3v3 RM · 10d ago on Sep 21, 2026· 17m 55s· 6 players
Game mode
Random Map
Map size
Normal (6 player)
Population
200
Speed
Normal
Resources
Standard
Victory
Conquest
Starting age
Dark Age
Ending age
Imperial Age
RankedLock teamsTeams togetherTeam positionsShared explorationLock speedFull tech treeHidden civsTurbo modeCheats
Victory
Defeat
🇧🇷 Britons · Brazil
823
+13
🇦🇷 Huns · Argentina
797
+14
717
+18
🇺🇸 Khmer · United States
784
-16
🇺🇸 Britons · United States
773
-18
🇺🇸 Poles · United States
704
-31
Masked_Monke
11:01 Feudal Age
12:07 Double-Bit Axe
12:06 Horse Collar
13:14 Wheelbarrow
Master Turtle
13:21 Feudal Age
McCreamy
1:29 Loom
15:04 Feudal Age
Navix de los Bosques de Lituania
5:18 Loom
11:05 Feudal Age
11:07 Man-at-Arms
11:32 Arson
11:57 Long Swordsman
13:43 Scale Mail Armor
13:53 Forging
14:02 Forging
15:33 Scale Mail Armor
dangoca
0:48 Loom
11:13 Feudal Age
18:25 Castle Age
16:56 Horse Collar
mxmauchjob
11:56 Feudal Age
16:38 Castle Age
16:14 Double-Bit Axe
16:52 Loom
Connection lost

Rejoining the realm…

Still unreachable

The connection could not be restored.

Session expired

The server has moved on; the page needs a fresh start.